 Dungeon Crawl Stone Soup version 0.28.0-45-g0d030f2227 (webtiles) character file.

Game seed: 15073687193997528574

50 protoss039 the Sneak (level 3, 0/16 HPs)
             Began as a Spriggan Enchanter on Apr 11, 2022.
             Succumbed to an adder's poison
             ... on level 2 of the Dungeon.
             The game lasted 00:03:48 (2142 turns).

protoss039 the Sneak (Spriggan Enchanter)           Turns: 2142, Time: 00:03:49

Health: 0/16       AC:  2    Str:  4    XL:     3   Next: 55%
Magic:  6/8        EV: 18    Int: 16    God:
Gold:   33         SH:  0    Dex: 17    Spells: 3/8 levels left

rFire   . . .      SeeInvis +   a - +1 dagger
rCold   . . .      Faith    .   (no shield)
rNeg    . . .      Spirit   .   b - +0 robe
rPois   .          Reflect  .   (helmet restricted)
rElec   .          Harm     .   (no cloak)
rCorr   .          Rampage  .   (gloves unavailable)
Will    .....                   (boots unavailable)
Stlth   +++.......              (no amulet)
HPRegen 0.05/turn               (no ring)
MPRegen 0.11/turn               (no ring)

@: brilliant, lethally poisoned (0 -> -4), very quick
A: very small, no large weapons, unfitting armour, see invisible, speed 3
a: no special abilities


You were on level 2 of the Dungeon.
You visited 1 branch of the dungeon, and saw 2 of its levels.

You collected 33 gold pieces.

Inventory:

Hand Weapons
 a - a +1 dagger (weapon)
Armour
 b - a +0 robe (worn)
Scrolls
 d - a scroll of summoning {unknown}
 e - a scroll of teleportation {unknown}
 f - a scroll of enchant armour {unknown}
 g - a scroll of blinking {unknown}
 h - 2 scrolls of identify {unknown}
 j - a scroll of noise {unknown}
 k - a scroll of fog {unknown}
Potions
 c - 2 potions of invisibility


   Skills:
 * Level 2.4 Short Blades
 - Level 3.0 Dodging
 + Level 5.4 Stealth
 - Level 3.0 Spellcasting
 * Level 3.8 Hexes
 * Level 0.4 Ice Magic


You had 3 spell levels left.
You knew the following spells:

 Your Spells              Type           Power      Damage    Failure   Level
a - Ensorcelled Hibernat  Hex/Ice        26%        N/A       12%         2
b - Confusing Touch       Hex            21%        N/A       12%         3

Your spell library contained the following spells:

 Spells                   Type           Power      Damage    Failure   Level
 Slow                     Hex            84%        N/A       4%          1
 Tukima's Dance           Hex            21%        N/A       12%         3
 Dazzling Flash           Conj/Hex       24%        N/A       26%         3
 Vampiric Draining        Necr           3%         2d6       50%         3


Dungeon Overview and Level Annotations

Branches:
Dungeon (2/15)

Altars:

Shops:
D:2 ![(

Annotations:
D:2 Natasha


Innate Abilities, Weirdness & Mutations

You are very small and have problems with some larger weapons.
You are too small for most types of armour.
You have supernaturally acute eyesight. (SInv)
You cover ground extremely quickly. (Speed+++)


Message History

Found 32 gold pieces.
Found Iha Ager's Weapon Shoppe.
The adder hisses angrily.
The adder closely misses you.
You miss the adder. The adder bites you.
You hit the adder but do no damage. The adder bites you. x2
You are lethally poisoned!
The adder poisons you!
Casting: Ensorcelled Hibernation (safe; 13% risk of failure)
Confirm with . or Enter, or press ? or * to list all spells.
Aiming: Ensorcelled Hibernation (safe; 13% risk of failure)
Press: ? - help, Shift-Dir - straight line, f - adder
Aim: an adder (chance to affect: 50%)
The adder looks drowsy...
* * * LOW HITPOINT WARNING * * *
You feel sick.
Unknown command.
Unknown command.
Unknown command.
You are too injured to fight recklessly!
Unknown command.
Unknown command.
Unknown command.
Okay, then.
The helpless adder fails to defend itself.
You impale the adder!!
You kill the adder!
* * * LOW HITPOINT WARNING * * *
You feel sick.
Unknown command.
It was a potion of brilliance.
You feel clever all of a sudden.
* * * LOW HITPOINT WARNING * * *
You feel sick.
Unknown command.
Okay, then.
Okay, then.
Okay, then.
Okay, then.
Found 35 gold pieces.
You die...

#### #..# ...#######..#
............# ####
...########.# #.. ...##
#.# #.# .# ....#
#.###.###.... #...#
#...........# #...#
#####.###..<# #...#####
#..@..#
♣....................$$$
∩.♣.##########.######$∩$
♣....... ... $ #...####
#### ....... #.......
######## #


There were no monsters in sight!

Vanquished Creatures
  2 adders (D:2)
  2 dart slugs (D:1)
  3 bats
  2 endoplasms (D:1)
  3 goblins (D:1)
  5 hobgoblins (D:1)
  3 kobolds (D:1)
  A quokka (D:1)
  3 ball pythons (D:1)
  2 frilled lizards (D:1)
  A rat (D:1)
27 creatures vanquished.

Vanquished Creatures (others)
  2 plants (D:1)
2 creatures vanquished.

Grand Total: 29 creatures vanquished

Notes
Turn   | Place    | Note
-------+----------+-------------------------------------------
     0 | D:1      | protoss039 the Spriggan Enchanter began the quest for the
                  | Orb.
     0 | D:1      | Reached XP level 1. HP: 9/9 MP: 5/5
   103 | D:1      | Reached XP level 2. HP: 13/13 MP: 7/7
   264 | D:1      | Learned a level 2 spell: Ensorcelled Hibernation
   639 | D:1      | Reached skill level 5 in Stealth
  1313 | D:1      | Reached XP level 3. HP: 5/16 MP: 0/8
  1708 | D:1      | Learned a level 3 spell: Confusing Touch
  1723 | D:2      | Noticed Natasha
  1962 | D:2      | Found Jolon's Distillery.
  2099 | D:2      | Found Udoy's Antique Armour Emporium.
  2136 | D:2      | Found Iha Ager's Weapon Shoppe.
  2142 | D:2      | Succumbed to an adder's poison

Illustrated notes

Levels and vault maps discovered:
D:1:      dpeg_arrival_ternary, layout_basic, minmay_misc_feat_roman,
          chequers_big_river
D:2:      layout_basic, serial_shops, nicolae_lakefront_shop, shop_statue,
          shop_coins, nicolae_shop_trees, shop, minmay_door_square, uniq_natasha

Skill      XL: |  1  2 |
---------------+-------+-----
Spellcasting   | 3 |  3.0
Dodging        | 3 |  3.0
Stealth        | 5 |  5.4
Short Blades   | 2 |  2.4
Hexes          | |  3.8
Ice Magic      | |  0.4

Action                   || total
-------------------------++-------
Melee: Dagger            ||    88
       Punch             ||     3
 Cast: Ensorcelled Hiber ||    20
  Use: Potion            ||     1
 Stab: Sleeping          ||    14
Armor: Robe              ||     5
Dodge: Dodged            ||    58
